Map: King's Cove LE

Players

Parkkatz - Winner!

  • Race: Zerg Zerg
  • League: Platinum
  • Spawn Location: 5:00

VOD

Have the link to the VOD?

Description

Time

  • Played on: July 6, 2019, 8:27 p.m.
  • Length: 20:30
Show
View Real Time Build Order
Export as new Build Order

Parkkatz Zerg - Winner!

Build Orders:  

Get SALT Encoding   

  12  0:02  Drone  
  13  0:19  Overlord  
  13  0:25  Drone  
  14  0:44  Drone x2  
  16  0:53  Drone  
  17  1:05  Drone  
  18  1:24  Hatchery  
  18  1:29  Drone, Extractor  
  17  1:38  Drone  
  18  1:53  Spawning Pool  
  18  1:58  Drone  
  18  2:05  Drone  
  19  2:20  Overlord  
  19  2:59  Drone, Queen  
  22  3:00  Zergling x2  
  22  3:05  Queen  
  22  3:06  Zergling x2  
  26  3:29  Drone x2  
  28  3:53  Overlord  
  28  3:57  Overlord  
  28  4:12  Hatchery  
  28  4:16  Drone  
  28  4:17  Metabolic Boost  
  28  4:18  Queen  
  29  4:36  Drone x4  
  29  4:37  Drone  
  33  4:40  Zergling x2  
  34  4:52  Overlord  
  34  4:53  Drone  
  34  4:54  Drone  
  34  4:58  Drone  
  37  5:04  Zergling x2  
  37  5:05  Zergling x2  
  37  5:07  Zergling x2  
  40  5:28  Drone  
  40  5:29  Drone x3  
  44  5:33  Extractor  
  44  5:36  Extractor  
  42  5:41  Drone x4  
  42  5:42  Drone x2  
  48  6:08  Drone  
  49  6:12  Queen  
  49  6:17  Lair  
  39  6:20  Zergling x8  
  51  6:21  Zergling x2  
  51  6:28  Drone x2  
  58  6:38  Evolution Chamber  
  58  6:39  Drone, Roach Warren  
  57  6:40  Drone  
  57  6:44  Overlord x2  
  58  7:06  Overlord  
  58  7:26  Drone x2  
  58  7:27  Drone  
  60  7:32  Overlord  
  60  7:34  Roach x3  
  60  7:35  Roach x6  
  78  7:50  Drone  
  78  7:51  Drone  
  80  8:03  Drone x2  
  80  8:06  Drone x4  
  80  8:07  Drone x2  
  80  8:08  Overlord  
  88  8:28  Glial Reconstitution, Zerg Missile Weapons Level 1  
  88  8:34  Overlord x2  
  88  8:35  Overlord  
  89  8:49  Drone  
  90  8:50  Drone x3  
  90  8:52  Drone  
  90  8:53  Drone  
  90  8:57  Extractor x2  
  93  9:00  Overlord  
  93  9:01  Roach  
  93  9:02  Roach x6  
  107  9:16  Extractor  
  106  9:21  Drone  
  106  9:22  Drone x2  
  106  9:23  Drone x3  
  112  9:30  Spore Crawler  
  112  9:33  Spore Crawler  
  112  9:37  Spore Crawler  
  109  9:41  Roach  
  109  9:42  Roach x5  
  121  9:50  Baneling Nest  
  120  10:05  Hydralisk Den  
  120  10:06  Overlord x2  
  120  10:07  Overlord  
  120  10:08  Overseer  
  119  10:10  Pneumatized Carapace  
  122  10:58  Hatchery  
  95  11:22  Roach  
  95  11:23  Roach x11  
  95  11:24  Roach x3  
  111  11:36  Zerg Missile Weapons Level 2  
  107  11:41  Roach  
  107  11:42  Roach x7  
  117  12:07  Overlord x2  
  117  12:08  Overlord x2  
  111  12:33  Infestation Pit  
  110  12:45  Overlord x2  
  110  13:13  Unknown  
  110  13:23  Hydralisk x4  
  110  13:24  Hydralisk x16  
  120  13:48  Centrifical Hooks  
  104  13:54  Drone  
  104  13:55  Drone x12  
  117  14:03  Zergling x2  
  117  14:09  Drone  
  119  14:23  Hatchery  
  118  14:59  Zergling x4  
  91  15:00  Zergling x32  
  118  15:07  Zerg Ground Armor Level 1  
  117  15:22  Unknown  
  117  15:25  Drone x2  
  117  15:27  Extractor  
  117  15:29  Extractor  
  105  15:42  Hatchery  
  100  15:57  Drone  
  100  15:58  Drone x2  
  100  15:59  Drone x3  
  101  16:02  Zergling x2  
  101  16:03  Zergling x30  
  108  16:28  Hydralisk x5, Hive  
  108  16:29  Hydralisk x7  
  123  16:47  Lurker Den  
  113  17:08  Hydralisk  
  113  17:09  Hydralisk x14  
  104  17:10  Hydralisk x4  
  149  17:24  Queen  
  149  17:32  Hydralisk x4  
  149  17:33  Hydralisk x5  
  163  18:49  Zergling x8  
  167  18:50  Zergling x42  
  167  18:51  Zergling x14  
  195  20:16  Unknown  
Tags
 
League
Platinum
Matchup
Co-op
Replay Pack
SC2 replays
Add a new tag
Caveats
  • Supply blocks, unpowered buildings, or Contaminate may cause inaccurate times.
  • Supply counts are checked every 10 seconds.